 Dungeon Sprint DCSS version 0.31-a0-1084-gb392501acf (webtiles) character file.

Game seed: 4796438508271154425

4954 CrazyBamboolord the Unseen (level 10, -2/77 HPs)
             Began as an Octopode Shapeshifter on Nov 28, 2023.
             Was a Believer of Cheibriados.
             Slain by a centaur warrior (9 damage)
             ... in the Dungeon (Sprint I: "Red Sonja").
             The game lasted 00:04:08 (645 turns).

CrazyBamboolord the Unseen (Octopode Shapeshifter)   Turns: 645, Time: 00:04:09

Health: -2/77      AC:  1    Str: 23    XL:     10   Next: 53%
Magic:  8/8        EV: 20    Int: 17    God:    Cheibriados [**....]
Gold:   21         SH:  0    Dex: 17    Spells: 9/9 levels left

rFire   . .          .
                       - Unarmed
rCold   . . .        (shield currently unavailable)
rNeg    . . .        (helmet restricted)
rPois   .            (no amulet)
rElec   .            j - ring of resist corrosion
rCorr   +            (no ring)
SInv    .            (no ring)
Will    .....        (no ring)
Stlth   +++          (no ring)
HPRegen 0.32/turn    (no ring)
MPRegen 0.11/turn    (no ring)
                     (no ring)

%: no teleportation, random rage (3%)
@: flux-form, glowing, very slow
A: glow, contaminating, almost no armour, amphibious, 8 rings, camouflage 1,
gelatinous body 1, (nimble swimmer 1), tentacles, berserk 1, low MP 2, screaming
2, subdued magic 2, inability to read after injury 1
a: Begin Untransformation, Renounce Religion, Bend Time


You were in the Dungeon.
You worshipped Cheibriados.
Cheibriados was pleased with you.
You were something dangerously unstable.
You visited 1 branch You collected 415 gold pieces.
You spent 394 gold pieces at shops.

Inventory:

Jewellery
 j - a ring of resist corrosion (left tentacle)
Talismans
 b - a beast talisman
 c - a flux talisman (active)
Wands
 a - a wand of roots (5) (quivered)
Scrolls
 i - a scroll of blinking
 k - a scroll of torment
 l - a scroll of enchant weapon
Potions
 d - 2 potions of curing
 f - a potion of haste
 g - 2 potions of magic
 h - a potion of berserk rage
 n - a potion of might


   Skills:
 + Level 10.9 Fighting
 + Level 11.2 Dodging
 + Level 15.1 Stealth
 + Level 11.8 Unarmed Combat
 + Level 0.0 Invocations
 + Level 11.0 Shapeshifting


You had 9 spell levels left.
You didn't know any spells.
Your spell library was empty.

Dungeon Overview and Level Annotations

Branches:
Dungeon (1/1)

Altars:
Cheibriados
Dithmenos
Elyvilon
Fedhas
Gozag
Hepliaklqana
Kikubaaqudgha
Makhleb
Nemelex Xobeh
Okawaru
Qazlal
Ru
Sif Muna
Trog
Uskayaw
Vehumet
Wu Jian
Xom
Yredelemnul
Zin
The Shining One
Jiyva
Lugonu

Shops:
D *(*[:!


Innate Abilities, Weirdness & Mutations

You are something dangerously unstable.
You glow with magical radiation, making you easy to see and hit.
Foes you strike become dangerously contaminated with magical radiation.
You are incapable of wielding weapons or throwing items.
You cannot wear most types of armour.
You are amphibious.
You can wear up to eight rings at the same time.
Your skin changes colour to match your surroundings (Stealth+).
Your rubbery body absorbs attacks. (AC +1, EV +1)
((You are camouflaged when in or above water. (Stealth+)))
You have tentacles for arms and can constrict up to eight enemies at once.
You sometimes lose your temper in combat.
Your magical capacity is very low. (-20% MP)
You frequently scream uncontrollably at your foes.
Your spells are easier to cast, but less powerful.
You occasionally lose the ability to read scrolls when taking damage.


Message History

The centaur warrior closely misses you.
There is an open door, spattered with blood here.
You tentacle-slap the centaur warrior.
The centaur warrior shudders as magic cascades through it!!
The centaur warrior twists and deforms.
You squeeze the centaur warrior!
The centaur warrior is severely wounded.
The centaur warrior barely misses you.
The centaur warrior kicks you but does no damage.
The centaur warrior barely misses you.
The centaur warrior completely misses you.
The centaur warrior barely misses you. The centaur warrior misses you.
You bludgeon the centaur warrior!
The centaur warrior begins to glow.
You squeeze the centaur warrior.
The centaur warrior is almost dead.
The centaur warrior barely misses you. The centaur warrior kicks you.
* * * LOW HITPOINT WARNING * * *
The centaur warrior hits you.
* * * LOW HITPOINT WARNING * * *
The centaur warrior kicks you.
* * * LOW HITPOINT WARNING * * *
The centaur warrior misses you. The centaur warrior barely misses you.
You feel much better. The centaur warrior hits you.
The centaur warrior closely misses you. The centaur warrior hits you!
* * * LOW HITPOINT WARNING * * *
The centaur warrior kicks you.
* * * LOW HITPOINT WARNING * * *
Unknown command.
You tentacle-slap the centaur warrior.
The centaur warrior glows dangerously bright.
The centaur warrior is almost dead.
The centaur warrior hits you.
* * * LOW HITPOINT WARNING * * *
The centaur warrior kicks you.
* * * LOW HITPOINT WARNING * * *
The centaur warrior closely misses you. The centaur warrior kicks you.
* * * LOW HITPOINT WARNING * * *
You feel better. The centaur warrior hits you.
* * * LOW HITPOINT WARNING * * *
The centaur warrior barely misses you. The centaur warrior hits you!
You die...

###################
#<.#.[)..#.)'..#__#
#..'..#..'..#..'..+
#..#####'#####'#__# ##
#..####..#...#.####(?#
#..#__####..##§#§~§§§#
#..#_____##'#_cpc§~§.+
#⌠⌠#_.∩...'..._#~~§§§#
####_..__##_.#+##+####
#_____###'#
############.##
#∩........'...+
###''''####.).#
#.......####.##
#........# #+#


You could see 2 centaur warriors.

Vanquished Creatures
  Sonja (D)
  8 shining eyes (D)
  4 glass eyes (D)
  Sigmund (D)
  A slime creature (D)
  A yak (D)
  An ogre (D)
  A jelly (D)
  Ijyb (D)
19 creatures vanquished.

Notes
Turn   | Place    | Note
-------+----------+-------------------------------------------
     0 | D        | CrazyBamboolord the Octopode Shapeshifter began the quest
                  | for the Orb.
     0 | D        | Reached XP level 1. HP: 13/13 MP: 1/1
     2 | D        | Noticed Ijyb
    10 | D        | Killed Ijyb
    11 | D        | Reached XP level 2. HP: 18/18 MP: 2/2
    11 | D        | Reached XP level 3. HP: 23/23 MP: 3/3
    62 | D        | Noticed an ogre
    71 | D        | Killed an ogre
    72 | D        | Reached skill level 4 in Stealth
    72 | D        | Reached skill level 5 in Unarmed Combat
    72 | D        | Reached skill level 5 in Shapeshifting
    72 | D        | Reached XP level 4. HP: 31/31 MP: 4/4
    82 | D        | Noticed Sigmund
    87 | D        | Killed Sigmund
    88 | D        | Reached skill level 5 in Dodging
    88 | D        | Reached skill level 6 in Stealth
    88 | D        | Reached XP level 5. HP: 34/38 MP: 5/5
    88 | D        | Reached XP level 6. HP: 40/45 MP: 6/6
   113 | D        | Found a shimmering blue altar of Sif Muna.
   114 | D        | Found an ornate altar of the Wu Jian Council.
   115 | D        | Found a radiant altar of Vehumet.
   121 | D        | Reached skill level 5 in Fighting
   121 | D        | Reached skill level 7 in Stealth
   179 | D        | Found Biedyom's Antique Armour Emporium.
   179 | D        | Found an ancient bone altar of Kikubaaqudgha.
   179 | D        | Found a stormy altar of Qazlal.
   179 | D        | Found a blossoming altar of Fedhas.
   179 | D        | Found a bloodstained altar of Trog.
   179 | D        | Found an iron altar of Okawaru.
   179 | D        | Found a glowing golden altar of the Shining One.
   179 | D        | Found a glowing silver altar of Zin.
   179 | D        | Found a white marble altar of Elyvilon.
   179 | D        | Noticed a yak
   180 | D        | Found a hazy altar of Hepliaklqana.
   180 | D        | Found a hide-covered altar of Uskayaw.
   180 | D        | Found a basalt altar of Yredelemnul.
   180 | D        | Found an opulent altar of Gozag.
   180 | D        | Found a snail-covered altar of Cheibriados.
   180 | D        | Found a sacrificial altar of Ru.
   180 | D        | Found a shadowy altar of Dithmenos.
   187 | D        | Killed a yak
   188 | D        | Reached skill level 8 in Stealth
   188 | D        | Reached XP level 7. HP: 11/51 MP: 7/7
   188 | D        | Found a sparkling altar of Nemelex Xobeh.
   334 | D        | Became a worshipper of Cheibriados the Contemplative
   345 | D        | Noticed Sonja
   351 | D        | Killed Sonja
   352 | D        | Reached skill level 10 in Stealth
   352 | D        | Reached XP level 8. HP: 41/60 MP: 8/8
   419 | D        | Found Edak's Assorted Antiques.
   427 | D        | Bought a potion of curing for 78 gold pieces
   427 | D        | Bought a tubular jade ring for 130 gold pieces
   427 | D        | Bought a scroll labelled HOBRAV YBLA for 26 gold pieces
   427 | D        | Bought a scroll labelled CAGUSHRE KOTSI for 26 gold pieces
   427 | D        | Bought a scroll labelled OCUTUX HUQIEFE for 26 gold pieces
   429 | D        | Noticed a glass eye
   429 | D        | Noticed a shining eye
   429 | D        | Noticed a glass eye
   429 | D        | Noticed a shining eye
   429 | D        | Noticed a shining eye
   430 | D        | Noticed a shining eye
   430 | D        | Noticed a shining eye
   430 | D        | Noticed a shining eye
   430 | D        | Noticed a glass eye
   430 | D        | Gained mutation: Your spells are a little easier to cast,
                  | but a little less powerful. [a shining eye]
   431 | D        | Gained mutation: Your magical capacity is low. (-10% MP) [a
                  | shining eye]
   433 | D        | Killed a glass eye
   433 | D        | Reached * piety under Cheibriados
   437 | D        | Gained mutation: You sometimes lose your temper in combat.
                  | [a shining eye]
   438 | D        | Gained mutation: You occasionally shout uncontrollably at
                  | your foes. [a shining eye]
   441 | D        | Gained mutation: You occasionally lose the ability to read
                  | scrolls when taking damage. [a shining eye]
   442 | D        | Killed a shining eye
   443 | D        | Reached skill level 11 in Stealth
   443 | D        | Gained mutation: You are robust. (+10% HP) [a shining eye]
   445 | D        | Killed a shining eye
   446 | D        | Reached skill level 12 in Stealth
   446 | D        | Reached skill level 10 in Unarmed Combat
   446 | D        | Reached XP level 9. HP: 68/73 MP: 8/8
   447 | D        | Killed a shining eye
   454 | D        | Killed a shining eye
   455 | D        | Reached skill level 13 in Stealth
   455 | D        | Reached skill level 10 in Shapeshifting
   456 | D        | Reached skill level 10 in Dodging
   457 | D        | Gained mutation: Your magical capacity is very low. (-20%
                  | MP) [a shining eye]
   457 | D        | Gained mutation: You frequently scream uncontrollably at
                  | your foes. [a shining eye]
   458 | D        | Killed a shining eye
   459 | D        | Reached skill level 10 in Fighting
   459 | D        | Noticed a shining eye
   459 | D        | Noticed a shining eye
   459 | D        | Gained mutation: Your spells are easier to cast, but less
                  | powerful. [a shining eye]
   461 | D        | Killed a shining eye
   462 | D        | Reached skill level 14 in Stealth
   462 | D        | Reached XP level 10. HP: 82/83 MP: 8/8
   472 | D        | Reached ** piety under Cheibriados
   483 | D        | Lost mutation: You are robust. (+10% HP) [a shining eye]
   485 | D        | Killed a shining eye
   495 | D        | Killed a shining eye
   496 | D        | Reached skill level 15 in Stealth
   498 | D        | Found Lujusseffe's Book Shop.
   498 | D        | Found Xaomn's Distillery.
   499 | D        | Found Susoiwky's Weapon Shoppe.
   499 | D        | Found Cissacef's General Store.
   522 | D        | Bought a scroll of identify for 24 gold pieces
   522 | D        | Bought a potion of might for 48 gold pieces
   530 | D        | Bought a potion of curing for 36 gold pieces
   556 | D        | Found a viscous altar of Jiyva.
   556 | D        | Found a corrupted altar of Lugonu.
   557 | D        | Found a burning altar of Makhleb.
   557 | D        | Found a shimmering altar of Xom.
   634 | D        | Noticed a centaur warrior
   634 | D        | Noticed a centaur warrior
   644 | D        | HP: 3/77 [centaur warrior (4)]
   645 | D        | Slain by a centaur warrior

Illustrated notes

Levels and vault maps discovered:
D:        dungeon_sprint_1 [red_sonja_temple_1, red_sonja_temple_small_1]

Skill      XL: |  1  2  3  4  5  6  7  8  9 10 |
---------------+-------------------------------+-----
Unarmed Combat | 4 5 6 7 8 10 11 | 11.8
Shapeshifting  | 4 5 6 7 8 9 10 11 | 11.0
Fighting       | 3 4 5 7 8 10 | 10.9
Dodging        | 4 5 6 7 9 10 11 | 11.2
Stealth        | 4 6 8 10 12 14 15 | 15.1

Action                     |  1- 3 |  4- 6 |  7- 9 | 10-12 || total
---------------------------+-------+-------+-------+-------++-------
  Melee: Unarmed           |     7 |    12 |    33 |    22 ||    74
         Tentacles         |       |     3 |     6 |     8 ||    17
         Constrict         |       |     1 |     8 |     4 ||    13
         Punch             |       |     1 |     3 |     3 ||     7
  Evoke: Wand              |     3 |       |       |       ||     3
    Use: Potion            |     1 |       |       |     2 ||     3
         Scroll            |       |       |       |     2 ||     2
   Stab: Sleeping          |     2 |     2 |     2 |     2 ||     8
 Armour: Skin              |     4 |     5 |     2 |    21 ||    32
  Dodge: Dodged            |     3 |     3 |     4 |    20 ||    30
   Form: Flux              |       |       |       |     1 ||     1

Table legend: (Time is in decaauts)
 A = Elapsed time spent in this place.
 B = Non-inter-level travel time spent in this place.
 C = Inter-level travel time spent in this place.
 D = Time resting spent in this place.
 E = Time spent auto-exploring this place.
 F = Levels seen in this place.
 G = Mean time per level.
                   A        B        C        D        E       F      G
               +--------+--------+--------+--------+--------+-----+--------+
         Total |    684 |    637 |     47 |    346 |      0 |   1 |  684.0 |
       Dungeon |    684 |    637 |     47 |    346 |      0 |   1 |  684.0 |
               +--------+--------+--------+--------+--------+-----+--------+

Top non-repeatable levels by time:
       D: 684 daAuts
